 Seeded DCSS version 0.29.1-15-g9cfb28693d (webtiles) character file.

Game seed: 16245865983455551772 (custom seed)

1850 Darius099 the Covert (level 9, -2/48 (54) HPs)
             Began as an Octopode Brigand on Mar 8, 2023.
             Was a Follower of Dithmenos.
             Slain by a wight
             ... wielding a +0 flail
              (4 damage)
             ... on level 7 of the Dungeon.
             The game lasted 00:14:05 (6258 turns).

Darius099 the Covert (Octopode Brigand)             Turns: 6258, Time: 00:14:07

HP:   -2/48 (54)    AC:  1    Str: 17    XL:     9   Next: 12%
MP:   9/9           EV: 18    Int: 25    God:    Dithmenos [*.....]
Gold: 1063          SH:  0    Dex: 24    Spells: 8/8 levels left

rFire   + . .      SeeInvis .   r - +1 dagger (venom)
rCold   . . .      Faith    .   (no shield)
rNeg    . . .      Spirit   .   (helmet restricted)
rPois   .          Reflect  .   p - amulet of regeneration
rElec   +          Harm     .   h - +6 ring of intelligence
rCorr   +          Rampage  .   i - +6 ring of intelligence
Will    +....                   q - ring of Elojot {rCorr Dex+3}
Stlth   +++++++...              B - ring "Vokug" {rElec rF+ Will+ Str+6 Dex+4}
HPRegen 0.96/turn               (no ring)
MPRegen 0.11/turn               (no ring)
                                (no ring)
                                (no ring)

@: flying, wreathed by umbra, heavily drained
A: almost no armour, amphibious, 8 rings, camouflage 1, gelatinous body 1,
(nimble swimmer 1), tentacles
a: Renounce Religion


You were on level 7 of the Dungeon.
You worshipped Dithmenos.
Dithmenos was aware of your devotion.
You visited 1 branch of the dungeon, and saw 7 of its levels.

You collected 2385 gold pieces.
You spent 1322 gold pieces at shops.

Inventory:

Hand Weapons
 a - a +2 dagger
 r - a +1 dagger of venom (weapon)
Missiles
 b - 30 poisoned darts (quivered)
 c - 4 curare-tipped darts
Jewellery
 h - a +6 ring of intelligence (left tentacle)
 i - a +6 ring of intelligence (right tentacle)
 p - an amulet of regeneration (around mantle)
 q - the ring of Elojot (on tentacle) {rCorr Dex+3}
   (You bought it in a shop on level 4 of the Dungeon)

   [ring of resist corrosion]

   Dex:       It affects your dexterity (+3).
   rCorr:     It protects you from acid and corrosion.
 B - the ring "Vokug" (on tentacle) {rElec rF+ Will+ Str+6 Dex+4}
   (You bought it in a shop on level 7 of the Dungeon)

   [ring of strength]

   Str:       It affects your strength (+6).
   Dex:       It affects your dexterity (+4).
   rF:        It protects you from fire.
   rElec:     It insulates you from electricity.
   Will:      It increases your willpower.
Wands
 n - a wand of roots (14)
 A - a wand of flame (24)
Scrolls
 d - 8 scrolls of identify {unknown}
 g - 7 scrolls of teleportation {unknown}
 k - 2 scrolls of summoning {unknown}
 l - a scroll of enchant weapon {unknown}
 m - 2 scrolls of immolation {unknown}
 o - a scroll of noise {unknown}
 u - a scroll of silence {unknown}
 w - a scroll of butterflies {unknown}
 y - a scroll of acquirement
 z - a scroll of amnesia {unknown}
Potions
 e - a potion of might {unknown}
 f - a potion of flight
 j - 2 potions of lignification {unknown}
 s - a potion of brilliance {unknown}
 t - a potion of heal wounds {unknown}
 x - a potion of curing {unknown}


   Skills:
 - Level 2.0 Fighting
 + Level 6.9 Short Blades
 - Level 2.0 Throwing
 + Level 6.6 Dodging
 + Level 10.8 Stealth


You had 8 spell levels left.
You didn't know any spells.
Your spell library contained the following spells:

 Spells                   Type           Power      Damage    Failure   Level
 Sting                    Tmut/Pois      0%         1d3       14%         1
 Poisonous Vapours        Pois/Air       0%         N/A       21%         2
 Confusing Touch          Hex            0%         N/A       38%         3
 Olgreb's Toxic Radiance  Pois           0%         N/A       80%         4
 Yara's Violent Unravell  Hex/Tmut       0%         3d3       98%         5
 Enfeeble                 Hex            0%         N/A       100%        7
 Chain Lightning          Conj/Air       0%         N/A       100%        9
 Fire Storm               Conj/Fire      0%         5d1       100%        9
 Shatter                  Erth           0%         3d5*      100%        9


Dungeon Overview and Level Annotations

Branches:
Dungeon (7/15)             Temple (0/1) D:5

Altars:
Cheibriados
Dithmenos
Hepliaklqana
Makhleb
Zin

Shops:
D:3 [   D:4 *:[   D:7 =


Innate Abilities, Weirdness & Mutations

You cannot wear most types of armour.
You are amphibious.
You can wear up to eight rings at the same time.
Your skin changes colour to match your surroundings (Stealth+).
Your rubbery body absorbs attacks. (AC +1, EV +1)
((You are camouflaged when in or above water. (Stealth+)))
You have tentacles for arms and can constrict up to eight enemies at once.


Message History

You hit the wight but do no damage.
The wight is lightly damaged.
You constrict the wight. The wight closely misses you.
You hit the wight but do no damage.
The wight is moderately damaged.
You constrict the wight. The wight hits you with a +0 battleaxe!
You feel drained.
You hit the wight but do no damage.
The wight is moderately damaged.
You constrict the wight. You hit the wight but do no damage.
The wight is heavily damaged.
You constrict the wight. The wight completely misses you.
The wight hits you with a +0 battleaxe!
* * * LOW HITPOINT WARNING * * *
You release your grip on the wight.
The wight attacks as you move away! The wight completely misses you.
It was a potion of flight.
You feel very buoyant.
You fly up into the air.
The wight misses you. The wight closely misses you.
The wight attacks as you move away! The wight closely misses you.
The wight attacks as you move away! The wight barely misses you.
The wight attacks as you move away! The wight completely misses you.
Found 6 silver boomerangs.
The wight attacks as you move away! The wight barely misses you.
You closely miss the wight. You grab the wight. You constrict the wight.
The wight hits you with a +0 flail.
* * * LOW HITPOINT WARNING * * *
You feel drained.
* * * LOW HITPOINT WARNING * * *
You hit the wight but do no damage.
The wight is lightly damaged.
You constrict the wight, but do no damage.
You hit the wight.
The wight is moderately damaged.
You constrict the wight, but do no damage.
The wight hits you with a +0 flail!
* * * LOW HITPOINT WARNING * * *
You feel drained.
You die...

#....P...§§...#...###.#
#...
#....#.§.P_§..)P.## #.#
###...
#........§.§§.P).# #..
#....<
.####......#§P#)### ##.
######
.........P...#.## .
.####.....z.....# .#
#.)...##.z..#####.
#.....###z#.......
####...##.@#####
#...###.....# #####...#
##....# #.......# ....#
#.......# ....#
#...)...# ......
#.......# ...(...
#.......# .....#.
#.......#


You could see 3 wights.

Vanquished Creatures
  Sigmund (D:5)
  A water moccasin (D:6)
  An orc warrior (D:6)
  A black bear (D:5)
  An ogre (D:4)
  A phantom (D:6)
  A centaur (D:5)
  A kobold brigand (D:6)
  2 bullfrogs (D:6)
  A necrophage (D:4)
  4 scorpions
  A wight (D:7)
  2 orc priests
  3 hounds
  A gnoll bouda (D:7)
  An iron imp (D:4)
  Jessica (D:2)
  3 iguanas
  2 orc wizards (D:3)
  Natasha (twice) (D:3)
  A hound skeleton (D:4)
  8 gnolls
  5 adders
  A dart slug (D:5)
  12 orcs
  6 ball pythons
  3 bats
  8 endoplasms
  A giant cockroach (D:4)
  5 goblins
  8 hobgoblins
  12 kobolds
  4 quokkas
  3 frilled lizards
  7 rats
115 creatures vanquished.

Vanquished Creatures (others)
  8 plants
8 creatures vanquished.

Grand Total: 123 creatures vanquished

Notes
Turn   | Place    | Note
-------+----------+-------------------------------------------
     0 | D:1      | Darius099 the Octopode Brigand began the quest for the Orb.
     0 | D:1      | Reached XP level 1. HP: 14/14 MP: 1/1
   234 | D:1      | Reached XP level 2. HP: 7/19 MP: 2/2
   503 | D:1      | Found a faded altar of an unknown god.
  1247 | D:1      | Reached XP level 3. HP: 24/24 MP: 3/3
  1254 | D:1      | Identified 3 scrolls of acquirement
  1254 | D:1      | Acquired 498 gold pieces
  1258 | D:1      | Acquired 833 gold pieces
  1262 | D:1      | Acquired 710 gold pieces
  1380 | D:2      | Noticed Jessica
  1384 | D:2      | Killed Jessica
  1385 | D:2      | Reached skill level 6 in Stealth
  1385 | D:2      | Reached XP level 4. HP: 29/29 MP: 4/4
  1975 | D:3      | Reached XP level 5. HP: 24/34 MP: 5/5
  2289 | D:3      | Noticed Natasha
  2296 | D:3      | Killed Natasha
  2526 | D:3      | Noticed Natasha
  2538 | D:3      | Killed Natasha
  2539 | D:3      | Reached skill level 7 in Stealth
  2539 | D:3      | Reached XP level 6. HP: 37/39 MP: 6/6
  2570 | D:3      | Found Ymmy Ciutu's Antique Armour Shoppe.
  3017 | D:4      | Found Gamycsypi's Antique Armour Boutique.
  3028 | D:4      | Found Tuuwolaw's General Store.
  3040 | D:4      | Bought the ring of Elojot {rCorr Dex+3} for 399 gold pieces
  3118 | D:4      | Found a burning altar of Makhleb.
  3124 | D:4      | Reached XP level 7. HP: 45/45 MP: 7/7
  3146 | D:4      | Found a shadowy altar of Dithmenos.
  3209 | D:4      | Became a worshipper of Dithmenos the Shadowed
  3307 | D:4      | Found Koenoidu's Book Boutique.
  3338 | D:4      | Found a snail-covered altar of Cheibriados.
  3352 | D:4      | Reached skill level 8 in Stealth
  3709 | D:5      | Entered Level 5 of the Dungeon
  3749 | D:5      | Reached skill level 5 in Short Blades
  3907 | D:5      | Found a staircase to the Ecumenical Temple.
  4073 | D:5      | Found a glowing silver altar of Zin.
  4151 | D:5      | Noticed Sigmund
  4167 | D:5      | Killed Sigmund
  4168 | D:5      | Reached skill level 5 in Dodging
  4168 | D:5      | Reached skill level 9 in Stealth
  4168 | D:5      | Reached XP level 8. HP: 30/50 MP: 8/8
  5518 | D:6      | Reached skill level 10 in Stealth
  5709 | D:6      | Reached * piety under Dithmenos
  6110 | D:7      | Found Dackej's Jewellery Shoppe.
  6117 | D:7      | Bought the ring "Vokug" {rElec rF+ Will+ Str+6 Dex+4} for
                  | 923 gold pieces
  6148 | D:7      | Reached XP level 9. HP: 54/54 MP: 9/9
  6202 | D:7      | Found a hazy altar of Hepliaklqana.
  6258 | D:7      | HP: 2/50 [wight/+0 flail (10)]
  6258 | D:7      | Slain by a wight

Illustrated notes

Levels and vault maps discovered:
D:1:      minmay_arrival_hallway, layout_loops_corners, basic_ecumenical_altar,
          minmay_unequal
D:2:      layout_loops_ring, uniq_jessica
D:3:      layout_basic, serial_shops, nicolae_shop_advertising_works
          [nicolae_subvault_shop_adworks], minmay_shallow_snake_nest,
          uniq_natasha
D:4:      layout_rooms, grunt_dithmenos_smoke_and_mirrors,
          makhleb_blood_cavern_becter, slow_altar_1, serial_shops,
          nicolae_square_shop, nicolae_shop_temple_entry_statues_fountains,
          kennysheep_mini_moat, chequers_serial_rivers_large_a,
          minmay_fractal_squares_gapless_5
D:5:      layout_layer_cave, mainiacjoe_overflow_cross_hatched,
          lemuel_temple_firewalk_b, uniq_sigmund
D:6:      layout_basic
D:7:      layout_basic, nicolae_hepliaklqana_hazy_memory, serial_shops,
          nicolae_stop_n_shop_2

Skill      XL: |  1  2  3  4  5  6  7  8 |
---------------+-------------------------+-----
Dodging        | 2 3 4 5 6 |  6.6
Stealth        | 6 7 9 10 | 10.8
Short Blades   | 3 4 5 6 |  6.9
Fighting       | |  2.0
Throwing       | |  2.0

Action                   |  1- 3 |  4- 6 |  7- 9 || total
-------------------------+-------+-------+-------++-------
Melee: Dagger            |    34 |    84 |   150 ||   268
       Tentacles         |     2 |    24 |    37 ||    63
       Constrict         |     3 |    21 |    28 ||    52
       Punch             |       |     2 |     1 ||     3
  Use: Scroll            |     3 |       |       ||     3
       Potion            |       |       |     1 ||     1
 Stab: Sleeping          |    14 |    10 |    21 ||    45
Armor: Skin              |     1 |     2 |     3 ||     6
Dodge: Dodged            |    10 |    39 |    83 ||   132
